[Event "Team 45 45 League T81"]
[Site "Internet Chess Club"]
[Date "2019.08.03"]
[Round "6"]
[White "RD1974"]
[Black "Egmont"]
[Result "1/2-1/2"]
[WhiteElo "1583"]
[BlackElo "1636"]
[Opening "French: King's Indian attack"]
[ECO "C00"]
[Time "09:10:19"]
[TimeControl "2700+45"]

1. e4 e6 2. d3 d5 3. Nd2 c5 4. Ngf3 Nf6 5. g3 b6 6. Bg2 Bb7 7. e5 Nfd7 8. O-O
Nc6 9. Re1 Qc7 10. Qe2 Nb4 11. Nb3 d4 12. c4 Be7 13. a3 Nc6 14. Bf4 O-O 15. Nbd2
Nd8 16. Ne4 Bc6 17. Bg5 f6 18. Bf4 fxe5 19. Bg5 Bf6 20. Bxf6 gxf6 21. Bh3 Rf7
22. Nfd2 Nf8 23. Qg4+ Ng6 24. Qh5 Qe7 25. Rf1 Nb7 26. Rae1 Nd6 27. Bg2 Bb7 28.
b4 Nxe4 29. Nxe4 Raf8 30. b5 Bxe4 31. Bxe4 f5 32. Bg2 Qf6 33. h4 f4 34. Be4 fxg3
35. f3 Nf4 36. Qg5+ Qxg5 37. hxg5 g2 38. Rf2 Nh3+ 39. Kxg2 Nxf2 40. Kxf2 Rg7 41.
Rh1 Rff7 42. Rh5 Rf4 43. Kg3 a6 44. a4 axb5 45. axb5 Rff7 46. Kg4 Rf4+ 47. Kg3
Rf5 48. Kg4 Rgf7 49. Rh6 Rf4+ 50. Kg3 Re7 51. Rh5 Rg7 52. Kg2 Rxe4 53. fxe4 Kf7
54. Kg3 Kg6 55. Kg4 Re7 {Game drawn by mutual agreement} 1/2-1/2

[Event "Team 45 45 League T81"]
[Site "Internet Chess Club"]
[Date "2019.08.03"]
[Round "6"]
[White "Constrictor"]
[Black "scostanzo212"]
[Result "1/2-1/2"]
[WhiteElo "1560"]
[BlackElo "1580"]
[Opening "Réti: Nimzovich-Larsen attack"]
[ECO "A01"]
[Time "11:02:06"]
[TimeControl "2700+45"]

1. b3 d5 2. Nf3 c5 3. e3 Nc6 4. Bb2 e6 5. Bb5 Bd7 6. O-O Nf6 7. d3 Bd6 8. Nbd2
O-O 9. e4 dxe4 10. Nxe4 Nxe4 11. dxe4 Qc7 12. g3 Rad8 13. Qe2 Ne5 14. Bxd7 Rxd7
15. Nxe5 Bxe5 16. Bxe5 Qxe5 17. Rad1 {Game drawn by mutual agreement} 1/2-1/2

[Event "Team 45 45 League T81"]
[Site "Internet Chess Club"]
[Date "2019.08.03"]
[Round "6"]
[White "Gilguli"]
[Black "cpic2363"]
[Result "0-1"]
[WhiteElo "1280"]
[BlackElo "1507"]
[Opening "Blackmar gambit"]
[ECO "B01"]
[Time "10:11:33"]
[TimeControl "2700+45"]

1. e4 d5 2. d4 dxe4 3. Nc3 Nf6 4. Bg5 Bf5 5. Nge2 Nd5 6. Nxd5 Qxd5 7. Nc3 Qa5 8.
Bb5+ Nd7 9. Bc4 Bg6 10. O-O Qxg5 11. f4 Qh6 12. Qe1 O-O-O 13. f5 Bh5 14. Qxe4
Nf6 15. Qe5 Ng4 16. Qe4 Qe3+ 17. Kh1 Qxe4 18. Nxe4 Ne3 19. Rf4 Nxc4 20. g4 Bxg4
21. Rxg4 Nd6 22. Nc5 Nxf5 23. Rf1 {White resigns} 0-1

[Event "Team 45 45 League T81"]
[Site "Internet Chess Club"]
[Date "2019.08.04"]
[Round "6"]
[White "QuieroAprender"]
[Black "idjit"]
[Result "1-0"]
[WhiteElo "1742"]
[BlackElo "1617"]
[Opening "French: advance variation"]
[ECO "C02"]
[Time "19:01:04"]
[TimeControl "2700+45"]

1. e4 e6 2. d4 d5 3. e5 c5 4. c3 Nc6 5. f4 Qb6 6. Nf3 Nh6 7. a3 Nf5 8. dxc5 Bxc5
9. Qe2 Bd7 10. b4 Be3 11. Bxe3 Nxe3 12. Kd2 Nxf1+ 13. Rxf1 Na5 14. Nd4 Nc6 15.
Qd3 O-O 16. g4 a5 17. Qb5 Qxb5 18. Nxb5 Nxe5 19. fxe5 Bxb5 20. Rf4 Bc4 21. a4
Ra6 22. b5 Raa8 23. g5 Rac8 24. Na3 Rfd8 25. Nc2 Rc5 26. Nd4 Rdc8 27. h4 Kf8 28.
Nxe6+ {Black resigns} 1-0

[Event "Team 45 45 League T81"]
[Site "Internet Chess Club"]
[Date "2019.08.05"]
[Round "6"]
[White "Bizzy-Ketty"]
[Black "wildwood"]
[Result "1-0"]
[WhiteElo "1612"]
[BlackElo "1562"]
[Opening "French: advance, Paulsen attack"]
[ECO "C02"]
[Time "13:00:47"]
[TimeControl "2700+45"]

1. e4 e6 2. d4 d5 3. e5 c5 4. c3 Nc6 5. Nf3 Qb6 6. a3 Bd7 7. b4 cxd4 8. cxd4 Rc8
9. Be2 Nge7 10. O-O Nf5 11. Bb2 Be7 12. Qd2 O-O 13. Rd1 f6 14. Nc3 fxe5 15. dxe5
a6 16. Nxd5 exd5 17. Qxd5+ Kh8 18. Qxd7 Nh4 19. Qg4 Nxf3+ 20. Bxf3 Rcd8 21. Bc3
Qc7 22. Qe6 Rxd1+ 23. Rxd1 Nd8 24. Qb3 Qc8 25. h3 Qf5 26. Qd5 Qc2 27. Qd3 Qb3
28. Bd5 Qa4 29. e6 Qe8 30. Re1 Qh5 31. Qg3 Qh6 32. Re4 Qc1+ 33. Kh2 Qh6 34. Rg4
Rg8 35. Qc7 Bf6 36. e7 Nc6 37. Bxg8 Bxe7 38. Bxg7+ Qxg7 39. Rxg7 Kxg7 {Black
resigns} 1-0

[Event "Team 45 45 League T81"]
[Site "Internet Chess Club"]
[Date "2019.08.04"]
[Round "6"]
[White "tightfist"]
[Black "tryanything"]
[Result "0-1"]
[WhiteElo "1483"]
[BlackElo "1512"]
[Opening "Réti opening"]
[ECO "A05"]
[Time "19:01:20"]
[TimeControl "2700+45"]

1. Nf3 Nf6 2. b4 d5 3. Bb2 Nc6 4. b5 Na5 5. e3 e6 6. d4 g6 7. Bd3 Bg7 8. O-O O-O
9. Nbd2 b6 10. c4 dxc4 11. Nxc4 Nxc4 12. Bxc4 Bb7 13. Ne5 Bd5 14. Qb3 Re8 15.
Rac1 Ne4 16. Rc2 Bxe5 17. Bxd5 Qxd5 18. Qxd5 exd5 19. dxe5 Nc5 20. Bd4 Ne6 21.
Rfc1 a6 22. Rb2 axb5 23. Rc6 b4 24. f4 Ra4 25. Rd2 Rea8 26. Kf2 Rxa2 27. Rxa2
Rxa2+ 28. Kf3 b3 29. h4 b2 30. Bxb2 Rxb2 31. Rc3 Rb5 32. g4 Rc5 33. Rd3 b5 34.
f5 gxf5 35. gxf5 Ng7 36. Kf4 c6 37. e4 Rc4 38. Re3 Rxe4+ 39. Rxe4 dxe4 40. Kxe4
c5 41. f6 Ne6 42. h5 b4 43. Ke3 b3 44. Kd3 c4+ 45. Kc3 h6 46. Kb2 Nf4 47. Kc3
Nxh5 48. Kb2 Nf4 49. Kc3 Ng6 50. Kb2 Nxe5 51. Kc3 h5 {White resigns} 0-1

[Event "Team 45 45 League T81"]
[Site "Internet Chess Club"]
[Date "2019.08.04"]
[Round "6"]
[White "Electryon"]
[Black "kingphisch"]
[Result "1/2-1/2"]
[WhiteElo "1452"]
[BlackElo "1402"]
[Opening "Queen's pawn: London system"]
[ECO "A45"]
[Time "15:00:55"]
[TimeControl "2700+45"]

1. d4 Nf6 2. Bf4 e6 3. e3 g6 4. Nc3 d6 5. e4 Bg7 6. Qd2 O-O 7. O-O-O b6 8. Bh6
Bb7 9. Bxg7 Kxg7 10. f3 Nc6 11. h4 h5 12. Be2 d5 13. e5 Nd7 14. g4 Rh8 15. Qf4
f6 16. exf6+ Nxf6 17. gxh5 Nxh5 18. Qe3 Qd7 19. f4 Raf8 20. Nh3 Qe7 21. Bxh5
Rxh5 22. Ng5 Bc8 23. Rde1 Rf6 24. Ne2 b5 25. Ng3 Rh8 26. h5 Qd6 27. hxg6 Rxh1
28. Rxh1 Kxg6 29. Qd3+ Rf5 30. Nxf5 Qxf4+ 31. Ne3+ Kxg5 32. Rg1+ Kf6 33. Qg6+
Ke7 34. Qg5+ Qxg5 35. Rxg5 Nxd4 36. Rg8 Kd7 37. c3 Nc6 38. Kd2 a5 39. Nc2 Ne5
40. Nd4 c6 41. Nb3 a4 42. Nc5+ Kd6 43. Nd3 Nxd3 44. Kxd3 Bd7 45. Rd8 Ke7 46. Rh8
Kd6 47. Kd4 c5+ 48. Kd3 e5 49. Rh6+ Be6 50. Rh8 Bf5+ 51. Ke3 Bd7 52. Rh6+ Be6
53. Rf6 Ke7 54. Rh6 Kd6 55. Rh8 Bd7 56. Rd8 Ke7 57. Rb8 Kd6 58. a3 Kc7 59. Rf8
Kd6 60. Rf6+ Be6 61. Kf3 e4+ 62. Kf4 Ke7 63. Rh6 Kd6 64. Rh8 Bd7 65. Rd8 Ke6 66.
Rb8 Kd6 67. Rh8 Be6 68. Rh6 Ke7 69. Ke5 Bf7 70. Rc6 e3 71. Rh6 e2 72. Rh1 Bh5
73. Re1 Bf3 {Game drawn by mutual agreement} 1/2-1/2

[Event "Team 45 45 League T81"]
[Site "Internet Chess Club"]
[Date "2019.07.31"]
[Round "6"]
[White "fireball"]
[Black "President"]
[Result "0-1"]
[WhiteElo "1500"]
[BlackElo "1623"]
[Opening "Owen defense"]
[ECO "B00"]
[Time "16:06:49"]
[TimeControl "2700+45"]

1. e4 b6 2. d4 Bb7 3. Nc3 e6 4. a3 Nf6 5. Bd3 c5 6. dxc5 Bxc5 7. Nf3 Nc6 8. O-O
O-O 9. Bg5 h6 10. Bh4 Be7 11. Qe2 Nh7 12. Bg3 Ng5 13. Nxg5 Bxg5 14. f4 Bh4 15.
Qg4 Bxg3 16. Qxg3 d6 17. f5 exf5 18. exf5 Ne5 19. f6 Ng6 20. Bxg6 fxg6 21. fxg7
Kxg7 22. Qd3 Qc7 23. Qd4+ Kh7 24. Nd5 Bxd5 25. Qxd5 Qc5+ 26. Qxc5 dxc5 27. Rfe1
Rf7 28. Re2 Rd8 29. Rae1 Rd6 30. b3 Kg7 31. a4 Rc6 32. Re6 Rxe6 33. Rxe6 Rc7 34.
Kf2 Kf7 35. Re4 Rd7 36. Ke2 Kf6 37. Rf4+ Ke5 38. Rf8 Rd6 39. Ra8 a5 40. Re8+ Kd4
41. Re3 Rf6 42. Rd3+ Ke4 43. Re3+ Kd5 44. h4 Rf4 45. g3 Re4 46. Kf3 Rxe3+ 47.
Kxe3 c4 48. Kf4 cxb3 49. cxb3 Kd4 50. g4 Kc3 51. Ke5 Kxb3 52. Kf6 g5 53. h5 Kxa4
54. Kg6 b5 55. Kxh6 b4 56. Kxg5 b3 57. h6 b2 58. h7 b1=Q 59. h8=Q Qc1+ 60. Kf5
Qc2+ 61. Kf4 Qd2+ 62. Kf5 Qd3+ 63. Kf4 Qd6+ 64. Kf5 Qd5+ 65. Qe5 Qf7+ 66. Ke4
Qh7+ 67. Qf5 Qh1+ 68. Kf4 Qc1+ 69. Ke5 Qc7+ 70. Kf6 Qc3+ 71. Kg5 Kb3 72. Qb5+
Ka3 73. Qb1 a4 74. Kf4 Qd4+ 75. Kg3 Qc3+ 76. Kh4 Qf6+ 77. Kg3 Qd6+ 78. Kh4 Qh6+
79. Kg3 Qe3+ 80. Kh4 Qf2+ 81. Kg5 Qb2 82. Qd3+ Ka2 83. Qc4+ Qb3 84. Qe2+ Kb1 85.
Qe1+ Kb2 86. Qe2+ Qc2 87. Qb5+ Ka1 88. Qf1+ Ka2 89. Qf7+ Kb1 90. Qf1+ Qc1+ 91.
Qxc1+ Kxc1 92. Kh6 a3 93. g5 a2 94. g6 a1=Q 95. g7 Qf6+ 96. Kh7 Qf7 97. Kh8 Qh5+
98. Kg8 Kd2 99. Kf8 Qh6 100. Kf7 Qh7 101. Kf8 Qf5+ 102. Kg8 Ke3 103. Kh8 Qh5+
104. Kg8 Ke4 105. Kf8 Qf5+ 106. Kg8 Ke5 107. Kh8 Qh5+ 108. Kg8 Kf6 109. Kf8 Qf7#
{White checkmated} 0-1

[Event "Team 45 45 League T81"]
[Site "Internet Chess Club"]
[Date "2019.08.03"]
[Round "6"]
[White "Covenanteer"]
[Black "nidusin2"]
[Result "1-0"]
[WhiteElo "1600"]
[BlackElo "1474"]
[Opening "King's pawn opening"]
[ECO "B07"]
[Time "06:30:37"]
[TimeControl "2700+45"]

1. e4 d6 2. Nf3 Nf6 3. e5 dxe5 4. Nxe5 Nbd7 5. f4 e6 6. d4 Bd6 7. Bd3 c5 8. c3
Qc7 9. O-O cxd4 10. cxd4 Nd5 11. Qh5 g6 12. Nxg6 fxg6 13. Bxg6+ Kd8 14. f5 N7f6
15. Bg5 Be7 16. Qh4 exf5 17. Bxf5 Bxf5 18. Rxf5 Qd6 19. Nd2 Kd7 20. Nc4 Qe6 21.
Re5 Qg4 22. Rxd5+ Kc6 23. Ne5+ Kxd5 24. Nxg4 Nxg4 25. Bxe7 Rhg8 26. Qh5+ Kc4 27.
Qc5+ Kd3 28. Qc3+ Ke4 29. Re1+ Kd5 30. Qc5# {Black checkmated} 1-0

[Event "Team 45 45 League T81"]
[Site "Internet Chess Club"]
[Date "2019.08.03"]
[Round "6"]
[White "Skeptic1972"]
[Black "liujf"]
[Result "1-0"]
[WhiteElo "1407"]
[BlackElo "1539"]
[Opening "Sicilian: closed"]
[ECO "B23"]
[Time "12:01:20"]
[TimeControl "2700+45"]

1. e4 c5 2. Nc3 d6 3. f4 Nc6 4. Nf3 Bg4 5. h3 Bxf3 6. Qxf3 Nf6 7. Bb5 a6 8.
Bxc6+ bxc6 9. e5 Nd7 10. Qxc6 dxe5 11. fxe5 Rc8 12. Qxa6 Nxe5 13. O-O e6 14. Qe2
Qd4+ 15. Qf2 Bd6 16. Qxd4 cxd4 17. Ne4 Bb8 18. c3 d3 19. b3 Ba7+ 20. Kh1 O-O 21.
Ba3 Rfd8 22. Rae1 h6 23. Nd6 Rb8 24. Rxe5 {Black resigns} 1-0

[Event "Team 45 45 League T81"]
[Site "Internet Chess Club"]
[Date "2019.08.04"]
[Round "6"]
[White "Mitochondria"]
[Black "JPSVI"]
[Result "0-1"]
[WhiteElo "1472"]
[BlackElo "1594"]
[Opening "QGD Slav: Dutch variation"]
[ECO "D18"]
[Time "21:01:54"]
[TimeControl "2700+45"]

1. d4 d5 2. c4 c6 3. Nf3 Nf6 4. Nc3 dxc4 5. a4 Bf5 6. e3 e6 7. Bxc4 Bb4 8. O-O
Nbd7 9. Bd3 Bxd3 10. Qxd3 O-O 11. Qc2 c5 12. Rd1 Qb6 13. Ne4 Nxe4 14. Qxe4 Nf6
15. Qb1 Rac8 16. Bd2 Bxd2 17. dxc5 Rxc5 18. Rxd2 Rd8 19. Rxd8+ Qxd8 20. Nd4 e5
21. Nf3 Qc7 22. h3 h6 23. b3 Rc2 24. Nxe5 Qxe5 25. Qd1 Qc7 26. Rb1 Ne4 27. f3
Nf2 28. Qe1 Nxh3+ 29. gxh3 Qh2+ {White resigns} 0-1

[Event "Team 45 45 League T81"]
[Site "Internet Chess Club"]
[Date "2019.08.03"]
[Round "6"]
[White "LinceHispano44"]
[Black "fledermaus"]
[Result "0-1"]
[WhiteElo "1731"]
[BlackElo "1851"]
[Opening "QGD: 4.Nf3"]
[ECO "D37"]
[Time "10:06:20"]
[TimeControl "2700+45"]

1. Nf3 d5 2. d4 Nf6 3. c4 e6 4. Nc3 Be7 5. cxd5 exd5 6. Bg5 c6 7. Qc2 Nbd7 8. e3
O-O 9. Bd3 Re8 10. O-O Nf8 11. Bxf6 Bxf6 12. b4 Be6 13. b5 cxb5 14. Nxb5 Rc8 15.
Qb3 a6 16. Nc3 Qa5 17. Rfc1 Red8 18. Qa4 Qxa4 19. Nxa4 Nd7 20. Nd2 b5 21. Nc3
Be7 22. Ne2 Ba3 23. Rxc8 Rxc8 24. Nf4 Rc3 25. Bf1 Nb6 26. Nb1 Rc1 27. Nd3 Rd1
{White resigns} 0-1

[Event "Team 45 45 League T81"]
[Site "Internet Chess Club"]
[Date "2019.08.04"]
[Round "6"]
[White "zepled37"]
[Black "Portola"]
[Result "1-0"]
[WhiteElo "1685"]
[BlackElo "1700"]
[Opening "Réti: King's Indian attack (Barcza system)"]
[ECO "A07"]
[Time "17:01:45"]
[TimeControl "2700+45"]

1. Nf3 d5 2. g3 Bg4 3. Bg2 c6 4. O-O Nd7 5. d3 e6 6. Nbd2 Ngf6 7. c4 Be7 8. b3
O-O 9. Bb2 Qc7 10. Rc1 Rad8 11. Qc2 Rfe8 12. Rfe1 Bh5 13. a3 Qb8 14. Qb1 Bg4 15.
Qa1 Bf8 16. Ne5 Bf5 17. e4 dxe4 18. dxe4 Bg6 19. Nxg6 hxg6 20. e5 Nh7 21. Ne4
Nc5 22. Nxc5 Bxc5 23. b4 Be7 24. c5 a6 25. Rcd1 Rxd1 26. Rxd1 Nf8 27. Rd3 Qc7
28. Qd1 Qc8 29. h3 Qa8 30. Kh2 a5 31. Kg1 axb4 32. axb4 Qb8 33. Kh2 Qc8 34. Kg1
Qb8 35. Kh2 Bd8 36. Qb3 Bc7 37. f4 Rd8 38. b5 Rxd3 39. Qxd3 Ba5 40. b6 Bb4 41.
Qd4 Be1 42. Bc1 Qa8 43. Bd2 Bxd2 44. Qxd2 Qa4 45. h4 Qb5 46. Qd4 Qa6 47. Kh3 Qb5
48. Kh2 Qa6 49. Kh3 Qa8 50. Qd6 Qa4 51. Qc7 Qb5 52. Qxb7 Qxc5 53. Qxc6 Qd4 54.
Qd6 Qxd6 55. exd6 Nd7 56. b7 Kf8 57. Bc6 Nb8 58. Bb5 f6 59. Kg4 Kf7 60. Kf3 f5
61. Ke3 Kf6 62. Kd4 g5 63. hxg5+ Kf7 64. Kc5 {Black resigns} 1-0

[Event "Team 45 45 League T81"]
[Site "Internet Chess Club"]
[Date "2019.08.03"]
[Round "6"]
[White "VictorRed"]
[Black "Grenadier"]
[Result "0-1"]
[WhiteElo "1686"]
[BlackElo "1655"]
[Opening "Queen's pawn game"]
[ECO "A45"]
[Time "08:38:04"]
[TimeControl "2700+45"]

1. d4 Nf6 2. g3 d6 3. Bg2 Nbd7 4. Nc3 e5 5. Nf3 e4 6. Nd2 d5 7. Nb3 Be7 8. Bf4
c6 9. a3 O-O 10. h4 Nh5 11. Be3 Qc7 12. g4 Nf4 13. Bf1 Nb6 14. g5 Nc4 15. Qc1
Nxe3 16. Qxe3 Bd6 17. Qd2 Bf5 18. O-O-O Rfe8 19. e3 Ne6 20. Be2 b5 21. Na2 a5
22. c3 Reb8 23. Na1 b4 24. c4 bxa3 25. b3 Bb4 26. Qc2 Qb7 27. Rdg1 a4 28. Kd1
axb3 29. Nxb3 Bf8 30. Nbc1 Qb2 31. c5 Nc7 32. Rh2 Na6 33. Bxa6 Rxa6 34. Re1
Qxc2+ 35. Kxc2 Rb2+ 36. Kc3 Ra4 {White resigns} 0-1

[Event "Team 45 45 League T81"]
[Site "Internet Chess Club"]
[Date "2019.08.05"]
[Round "6"]
[White "GoIrish"]
[Black "QuieroAprender"]
[Result "1-0"]
[WhiteElo "1546"]
[BlackElo "1717"]
[Opening "Réti opening"]
[ECO "A05"]
[Time "15:20:54"]
[TimeControl "2700+45"]

1. Nf3 Nf6 2. g3 d5 3. Bg2 Bg4 4. O-O e5 5. Nxe5 Bd6 6. Nxg4 Nxg4 7. Bxd5 c6 8.
Bg2 h5 9. e3 f5 10. h3 h4 11. f4 hxg3 12. Qf3 Qh4 13. Nc3 Nf2 14. Rxf2 gxf2+ 15.
Qxf2 Nd7 16. Qxh4 Rxh4 17. b3 O-O-O 18. Bb2 Nc5 19. Ne2 Ne4 20. d3 Nc5 21. Kf2
Re8 22. Ng3 g6 23. Bf6 Rh7 24. Rh1 Re6 25. Bg5 Na6 26. c3 Bc5 27. d4 Ba3 28. h4
Bb2 29. Ne2 Nc7 30. Rb1 Ba3 31. b4 a5 32. Rb3 axb4 33. cxb4 Nb5 34. d5 cxd5 35.
Bxd5 Rd6 36. Bc4 Rd2 37. Bxb5 Rc7 38. Rxa3 {Black resigns} 1-0

[Event "Team 45 45 League T81"]
[Site "Internet Chess Club"]
[Date "2019.08.03"]
[Round "6"]
[White "primerpaso"]
[Black "Packerfan"]
[Result "1-0"]
[WhiteElo "1767"]
[BlackElo "1757"]
[Opening "English: Carls' Bremen system"]
[ECO "A22"]
[Time "10:06:05"]
[TimeControl "2700+45"]

1. c4 e5 2. Nc3 Nf6 3. g3 Be7 4. Bg2 O-O 5. Nf3 d6 6. d4 Nc6 7. d5 Nb8 8. O-O
Nbd7 9. Nd2 a5 10. Qc2 Nc5 11. b3 Nfd7 12. e4 f5 13. exf5 Nf6 14. h3 Bxf5 15.
Qxf5 Nfe4 16. Qg4 Nxc3 17. Bb2 h5 18. Qxh5 Qe8 19. Qg4 N3a4 20. bxa4 Qxa4 21.
Qd1 Bg5 22. Ne4 {Black resigns} 1-0

[Event "Team 45 45 League T81"]
[Site "Internet Chess Club"]
[Date "2019.08.02"]
[Round "6"]
[White "andrew37"]
[Black "WillC"]
[Result "0-1"]
[WhiteElo "1635"]
[BlackElo "1644"]
[Opening "Caro-Kann: classical, 7...Nd7"]
[ECO "B19"]
[Time "17:15:40"]
[TimeControl "2700+45"]

1. e4 c6 2. d4 d5 3. Nc3 dxe4 4. Nxe4 Bf5 5. Ng3 Bg6 6. h4 h6 7. Nf3 Nd7 8. Bc4
e6 9. h5 Bh7 10. Qe2 Ngf6 11. Bb3 Bd6 12. Ne5 Nxe5 13. dxe5 Qa5+ 14. Bd2 Qxe5
15. Bc3 Qxe2+ 16. Nxe2 Be7 17. f3 O-O-O 18. a4 Rd7 19. g4 Rhd8 20. Ba5 b6 21.
Bc3 Ne8 22. O-O Bf6 23. Bxf6 Nxf6 24. Nc3 Rd2 25. Rac1 Kb7 26. Rfd1 R8d6 27.
Rxd2 Rxd2 28. Rd1 Rxd1+ 29. Nxd1 Nd7 30. Ne3 Nc5 31. Kf2 Kc7 32. a5 b5 33. Ba2
Kd6 34. b4 Na4 35. c4 Nc3 36. Bb3 Bd3 37. c5+ Ke5 38. Ng2 Bc4 39. f4+ Kd4 40.
Bc2 Na2 41. Bb1 Nxb4 42. g5 Bd3 43. Bxd3 Nxd3+ 44. Kf3 Nxc5 45. f5 exf5 46. gxh6
gxh6 47. Kf4 b4 48. Ne3 b3 49. Nd1 Nd3+ 50. Kxf5 b2 51. Nxb2 Nxb2 52. Kf6 Nd3
53. Kxf7 Nf4 54. Kg7 Nxh5+ 55. Kxh6 c5 {White resigns} 0-1

[Event "Team 45 45 League T81"]
[Site "Internet Chess Club"]
[Date "2019.08.01"]
[Round "6"]
[White "KidRattler"]
[Black "Hectormercado"]
[Result "0-1"]
[WhiteElo "1604"]
[BlackElo "1557"]
[Opening "Scandinavian: Pytel-Wade variation"]
[ECO "B01"]
[Time "23:09:36"]
[TimeControl "2700+45"]

1. e4 d5 2. exd5 Qxd5 3. Nc3 Qd6 4. Nf3 Nf6 5. d4 a6 6. Be3 Nc6 7. Bc4 b5 8. Bb3
Bb7 9. Qe2 e6 10. O-O Be7 11. g3 O-O 12. Bf4 Qd7 13. Rfd1 Na5 14. Ne5 Qd8 15. f3
Nh5 16. Be3 b4 17. Ne4 Nxb3 18. cxb3 f5 19. Nc5 Bxc5 20. dxc5 Qf6 21. Nd7 Qg6
22. Nxf8 Rxf8 23. Bf2 Nf4 24. Qe5 Nh3+ 25. Kg2 Qg4 26. Qxe6+ Kh8 27. c6 Nf4+ 28.
Kg1 Qxf3 29. gxf4 Bxc6 30. Kf1 Qg2+ 31. Ke1 Re8 32. Qxe8+ Bxe8 33. Rd8 Kg8 34.
Rc1 Qe4+ 35. Kd2 Qxf4+ 36. Be3 Qxh2+ 37. Kd3 Kf7 38. Rc8 Bb5+ 39. Rc4 Bxc4+ 40.
bxc4 Qxb2 41. Rxc7+ Kg6 42. Bd4 Qb1+ 43. Ke3 Qe4+ 44. Kf2 Qxd4+ 45. Kf1 Qf4+ 46.
Kg2 Qxc7 47. c5 Qxc5 48. a3 Qc2+ 49. Kh3 Qd3+ 50. Kh4 Qf3 51. a4 Qg4# {White
checkmated} 0-1

[Event "Team 45 45 League T81"]
[Site "Internet Chess Club"]
[Date "2019.08.06"]
[Round "6"]
[White "Andressa"]
[Black "bardu"]
[Result "0-1"]
[WhiteElo "1348"]
[BlackElo "1310"]
[Opening "Giuoco Piano: four knights variation"]
[ECO "C47"]
[Time "17:04:11"]
[TimeControl "2700+45"]

1. e4 e5 2. Nf3 Nc6 3. Nc3 Nf6 4. Bc4 Bc5 5. O-O d6 6. a3 Bg4 7. h3 Bh5 8. d3
Nd4 9. b4 Nxf3+ 10. gxf3 Bd4 11. Bb2 Qd7 12. Kh2 c6 13. Qe2 O-O-O 14. Nd1 Bb6
15. Ne3 Rhg8 16. Rg1 g5 17. Ng4 Bxg4 18. fxg4 d5 19. exd5 Nxd5 20. Bxd5 Qxd5 21.
Qxe5 Bc7 {White resigns} 0-1

[Event "Team 45 45 League T81"]
[Site "Internet Chess Club"]
[Date "2019.08.07"]
[Round "6"]
[White "Conjurer"]
[Black "howah45"]
[Result "1-0"]
[WhiteElo "1217"]
[BlackElo "1204"]
[Opening "Queen's pawn, Mason variation"]
[ECO "D00"]
[Time "11:16:57"]
[TimeControl "2700+45"]

1. d4 d5 2. Bf4 Bf5 3. e3 Nf6 4. h3 e6 5. Nf3 c5 6. c3 Nc6 7. Nbd2 Qb6 8. Qb3
Be7 9. a4 Na5 10. Qxb6 axb6 11. Bb5+ Kd8 12. Ne5 Rf8 13. O-O Ne4 14. Nxe4 Bxe4
15. Nd7 Rg8 16. Nxb6 Ra7 17. Bb8 Ra6 18. Bxa6 bxa6 19. f3 Bd3 20. Rfe1 Bh4 21.
g3 Be7 22. e4 Nb3 23. Ra2 Nd2 24. Re3 Bb1 25. Ra1 dxe4 26. fxe4 Bxe4 27. Rd1 Bg5
28. Bf4 Bxf4 29. gxf4 Nf3+ 30. Kf2 Bb7 31. d5 exd5 32. Rxf3 d4 33. Rfd3 Kc7 34.
a5 Re8 35. cxd4 Re4 36. d5 Kd6 37. f5 Rf4+ 38. Rf3 Rb4 39. b3 f6 40. Nc4+ Kd7
41. Rfd3 Rb5 42. d6 Bc6 43. Re1 Rb8 44. Re7+ Kd8 45. Rxg7 {Black resigns} 1-0

[Event "Team 45 45 League T81"]
[Site "Internet Chess Club"]
[Date "2019.08.04"]
[Round "6"]
[White "oldbookseller"]
[Black "guyd52"]
[Result "0-1"]
[WhiteElo "1021"]
[BlackElo "1263"]
[Opening "Modern defense"]
[ECO "A40"]
[Time "08:09:11"]
[TimeControl "2700+45"]

1. d4 g6 2. e3 Bg7 3. Bd3 d6 4. Nf3 Nf6 5. O-O Bg4 6. Nbd2 O-O 7. Qe1 Nbd7 8. e4
c6 9. e5 dxe5 10. dxe5 Nd5 11. Qe4 Bf5 12. Qh4 Nxe5 13. Ng5 h6 14. Bxf5 e6 15.
Qh3 Qxg5 16. Ne4 Nf4 17. Bxf4 Qxf5 18. Qe3 Nc4 19. Nf6+ Bxf6 20. Qc1 Bxb2 21.
Qd1 Bxa1 22. Qxa1 Qxf4 23. Rd1 Rad8 24. g3 Rxd1+ 25. Qxd1 Qd6 26. Qa1 Rd8 27.
Qf6 Qd1+ 28. Kg2 Rd2 29. Qe7 Ne3+ 30. Kh3 Qf1+ 31. Kh4 Rd4+ 32. g4 Rxg4# {White
checkmated} 0-1

[Event "Team 45 45 League T81"]
[Site "Internet Chess Club"]
[Date "2019.08.01"]
[Round "6"]
[White "mongmong"]
[Black "julesraider"]
[Result "0-1"]
[WhiteElo "1524"]
[BlackElo "1610"]
[Opening "King's Indian: fianchetto, Yugoslav, 7.O-O"]
[ECO "E65"]
[Time "20:02:33"]
[TimeControl "2700+45"]

1. d4 Nf6 2. Nf3 g6 3. c4 Bg7 4. g3 O-O 5. Bg2 d6 6. Nc3 c5 7. O-O a6 8. d5 Bd7
9. a4 Qc8 10. Bg5 Bh3 11. Qc2 Bxg2 12. Kxg2 Nbd7 13. Rac1 h6 14. Bd2 Nh7 15. e4
Ne5 16. Nxe5 Bxe5 17. f4 Bg7 18. Ne2 f5 19. exf5 gxf5 20. Bc3 Qe8 21. Bxg7 Kxg7
22. Nc3 Qg6 23. Rce1 Rf7 24. Re6 Nf6 25. Rfe1 Re8 26. Rxd6 {White resigns} 0-1

[Event "Team 45 45 League T81"]
[Site "Internet Chess Club"]
[Date "2019.08.05"]
[Round "6"]
[White "Balderdash"]
[Black "dabodhi"]
[Result "0-1"]
[WhiteElo "1320"]
[BlackElo "1310"]
[Opening "French: advance variation"]
[ECO "C02"]
[Time "21:05:51"]
[TimeControl "2700+45"]

1. e4 e6 2. d4 d5 3. e5 c5 4. Be3 Qb6 5. b3 Nc6 6. a4 cxd4 7. a5 Qb4+ 8. Bd2 Qc5
9. Bd3 Nxe5 10. b4 Qc7 11. Nf3 Nxd3+ 12. cxd3 e5 13. Na3 a6 14. Rc1 Qd6 15. O-O
Bd7 16. Re1 f6 17. Nxd4 Ne7 18. Ne2 Nc6 19. d4 Be7 20. dxe5 Nxe5 21. Ng3 Nd3 22.
Qe2 Nxc1 23. Rxc1 O-O 24. Re1 Rfe8 25. Qd3 Rac8 26. Nh5 Bf8 27. Rd1 Re5 28. Bf4
Bg4 29. Bxe5 Qxe5 30. Nxf6+ gxf6 31. f3 Bf5 32. Qxd5+ Qxd5 33. Rxd5 Be6 34. Rd1
Bxb4 35. Nb1 Bxa5 36. Kf2 Rc2+ 37. Kg3 Bc7+ 38. f4 Rc4 39. Rf1 Bf5 40. Nd2 Ra4
41. h3 b5 42. Rf2 Ra3+ 43. Nf3 b4 44. Kh4 b3 45. g4 Bc2 46. Ne1 Ra2 47. Re2 Bxf4
48. Re8+ Kf7 49. Rc8 Bg6 50. Rc6 b2 51. Nf3 b1=Q 52. Ne5+ Bxe5 53. g5 Qe4#
{White checkmated} 0-1

[Event "Team 45 45 League T81"]
[Site "Internet Chess Club"]
[Date "2019.08.05"]
[Round "6"]
[White "smsxman"]
[Black "Andaluz"]
[Result "0-1"]
[WhiteElo "1393"]
[BlackElo "1356"]
[Opening "Sicilian defense"]
[ECO "B30"]
[Time "12:00:27"]
[TimeControl "2700+45"]

1. e4 c5 2. Nf3 Nc6 3. Nc3 a6 4. Be2 e6 5. O-O Qc7 6. d4 cxd4 7. Nxd4 Nf6 8.
Nxc6 bxc6 9. Bf3 Bd6 10. g3 O-O 11. Be3 Be5 12. Na4 d6 13. c3 c5 14. Rc1 Bb7 15.
b4 c4 16. Bb6 Qc6 17. Re1 Nd7 18. Bd4 a5 19. Bxe5 Nxe5 20. Nb2 Nxf3+ 21. Qxf3 f5
22. Qe2 fxe4 23. Qxc4 d5 24. Qxc6 Bxc6 25. a3 Bb5 26. c4 dxc4 27. Rxe4 axb4 28.
axb4 Ra2 29. Nd1 Rf6 30. f4 Ra4 31. Rb1 Ra3 32. Re5 Ba4 33. Rc5 Bb3 34. Nf2 Rf5
35. Rc8+ Kf7 36. Rc1 Rd5 37. Rc7+ Kg6 38. Rc6 Kf5 39. Re1 Ra4 40. Rb6 c3 41. Rb8
c2 42. Rf8+ Kg6 43. Rxe6+ Kh5 44. Re1 Rd1 45. Nxd1 cxd1=Q 46. Rxd1 Bxd1 47. Rb8
Be2 48. Kf2 Bc4 49. h3 Ra3 50. b5 Rb3 51. b6 Bd5 52. Re8 Kh6 53. Rb8 Rf3+ 54.
Ke2 Rxg3 55. Rd8 Bh1 56. Rd6+ g6 57. f5 Rb3 58. f6 Be4 59. f7 Kg7 60. Rf6 Kf8
61. Rf4 Bd5 62. Rf6 Bxf7 63. h4 Kg7 64. Rd6 Bc4+ 65. Kf2 Ba6 66. Kg2 Kh6 67. Kf2
Kh5 68. Rd7 h6 69. Rd6 Rh3 70. Rd5+ Kxh4 71. Rd6 Kh5 72. Rd5+ g5 73. Rd7 Rb3 74.
Rd6 Bb7 75. Rf6 g4 76. Kg1 Kg5 77. Rd6 h5 78. Kh2 Kh4 79. Rf6 Rb2+ 80. Kg1 Kg3
81. Kf1 h4 82. Ke1 h3 83. Rh6 h2 {White resigns} 0-1